AoeStats
← 沉香

Pilgrims

507968146Analyzed
4v4 RM · 13d ago on Sep 20, 2026· 46m 49s· 8 players
Game mode
Random Map
Map size
Large (8 player)
Population
200
Speed
Normal
Resources
Standard
Victory
Conquest
Starting age
Dark Age
Ending age
Imperial Age
RankedLock teamsTeams togetherTeam positionsShared explorationLock speedFull tech treeHidden civsTurbo modeCheats
Victory
Defeat
🇨🇳 Armenians · China
1852
+9
🇪🇸 Dravidians · Spain
1740
+13
🇨🇳 Persians · China
1520
+23
1367
+27
🇩🇪 Burgundians · Germany
1736
-21
🇹🇼 Spanish · Taiwan
1669
-18
🇹🇼 Dravidians · Taiwan
1669
-18
1589
-15
DZT_白霜魔头
10:57 Feudal Age
11:37 Double-Bit Axe
11:43 Loom
14:42 Castle Age
15:56 Bow Saw
16:03 Medium Warships
16:34 Fletching
17:01 Gold Mining
18:21 Fishing Lines
21:46 Bodkin Arrow
22:58 Padded Archer Armor
28:05 Stone Mining
28:22 Demolition Ship
31:07 Horse Collar
36:10 Imperial Age
37:15 Masonry
37:43 Wheelbarrow
38:42 Ballistics
39:00 Bracer
42:25 Hand Cart
42:53 Conscription
45:22 Town Watch
44:58 Elite Composite Bowman
47:10 Leather Archer Armor
SaKuRuaba Ema
12:14 Feudal Age
13:15 Double-Bit Axe
17:47 Castle Age
15:50 Fishing Lines
16:26 Gold Mining
17:40 Forging
17:18 Horse Collar
18:26 Medium Warships
18:27 Bow Saw
18:08 Gillnets
18:19 Loom
19:18 Iron Casting
23:01 Wheelbarrow
22:11 Town Watch
24:35 Careening
24:22 Demolition Ship
27:25 Siphons
30:09 Clinker Construction
31:43 Hand Cart
38:43 Imperial Age
36:54 Scale Barding Armor
38:01 Chain Barding Armor
38:30 Bloodlines
38:21 Husbandry
37:41 Light Cavalry
39:43 Plate Barding Armor
41:53 Blast Furnace
41:01 Hussar
沉香
4:23 Loom
12:54 Feudal Age
13:34 Double-Bit Axe
14:13 Town Watch
17:18 Castle Age
17:05 Fletching
17:17 Padded Archer Armor
18:11 Medium Warships
20:44 Wheelbarrow
24:48 Bodkin Arrow
28:25 Horse Collar
28:56 Bow Saw
28:51 Fishing Lines
30:00 Leather Archer Armor
33:42 Hand Cart
34:21 Ballistics
34:37 Thumb Ring
37:59 Imperial Age
36:25 Scale Mail Armor
36:36 Forging
36:09 Pikeman
36:51 Squires
38:04 Chain Mail Armor
38:02 Halberdier
40:23 Chemistry
40:14 Plate Mail Armor
40:28 Bracer
41:04 Iron Casting
43:28 Elite Skirmisher
45:41 Ring Archer Armor
45:57 Gold Mining
45:58 Stone Mining
45:47 Elite Elephant Archer
哭稀饭(2125613428)
0:36 Double-Bit Axe
7:12 Fishing Lines
9:59 Horse Collar
12:36 Feudal Age
13:54 Bow Saw
16:37 Castle Age
14:53 Heavy Plow
15:10 Gillnets
16:08 Stone Mining
17:33 Wheelbarrow
16:45 Loom
17:38 Wheelbarrow
17:57 Medium Warships
19:50 Stone Shaft Mining
21:28 Fletching
22:58 Hand Cart
25:31 Imperial Age
25:57 Imperial Age
26:25 Imperial Age
24:17 Fervor
25:37 Bodkin Arrow
25:55 Forging
26:39 Ballistics
26:37 Gold Mining
27:25 Scale Barding Armor
27:56 Iron Casting
29:52 Chemistry
31:46 Crop Rotation
31:47 Devotion
34:07 Faith
34:29 Elite Coustillier
36:44 Chain Barding Armor
37:47 Heavy Warships
39:49 Plate Barding Armor
40:34 Coinage
AndyThePro
8:26 Fishing Lines
13:04 Feudal Age
13:32 Double-Bit Axe
13:54 Gillnets
17:19 Castle Age
16:52 Scale Mail Armor
17:03 Forging
18:20 Medium Warships
18:45 Bow Saw
19:59 Chain Mail Armor
20:20 Iron Casting
22:03 Wheelbarrow
21:11 Horse Collar
25:38 Hand Cart
27:35 Stone Mining
27:36 Gold Mining
28:51 Loom
31:58 Imperial Age
29:29 Loom
30:05 Scale Barding Armor
30:26 Fletching
31:42 Chain Barding Armor
31:46 Husbandry
31:11 Cavalier
32:44 Iron Casting
33:19 Plate Barding Armor
37:51 Iron Casting
37:14 Paladin
39:46 Chemistry
39:13 Padded Archer Armor
39:54 Bodkin Arrow
40:36 Conscription
41:31 Heavy Plow
42:38 Bracer
42:57 Leather Archer Armor
43:43 Blast Furnace
44:02 Ballistics
44:08 Masonry
43:39 Light Cavalry
45:36 Elite Skirmisher
Thundernips, The Ultimate Gigolo
9:02 Feudal Age
7:58 Loom
13:31 Castle Age
12:30 Fishing Lines
13:51 Double-Bit Axe
17:00 Fervor
17:40 Medium Warships
18:20 Wheelbarrow
19:14 Forging
20:53 Iron Casting
21:27 Clinker Construction
21:28 Careening
24:04 Hand Cart
23:35 Town Watch
24:12 Bow Saw
24:02 Gold Mining
27:01 Siphons
30:15 Gold Shaft Mining
29:30 Stone Mining
30:30 Demolition Ship
32:44 Masonry
36:42 Imperial Age
36:20 Fletching
37:45 Guilds
38:08 Carvel Hull
38:51 Caravan
40:32 Blast Furnace
40:02 Heavy Warships
39:30 Gillnets
41:26 Bodkin Arrow
43:37 Bracer
44:19 Ballistics
45:02 Chemistry
P0rr1dg3
6:08 Loom
9:38 Feudal Age
14:04 Castle Age
12:42 Stone Mining
13:05 Double-Bit Axe
24:55 Town Watch
31:07 Sanctity
31:27 Husbandry
31:38 Bloodlines
32:08 Atonement
TW_Kenneth
4:56 Loom
11:19 Feudal Age
11:59 Fishing Lines
14:54 Castle Age
13:35 Fletching
13:32 Double-Bit Axe
15:32 Bodkin Arrow
15:49 Medium Warships
16:04 Gillnets
21:10 Wheelbarrow
20:20 Town Watch
22:02 Horse Collar
24:00 Forging
25:10 Bow Saw
27:59 Ballistics
28:19 Demolition Ship
33:40 Imperial Age
31:06 Pikeman
31:49 Squires
32:41 Hand Cart
32:30 Heavy Plow
33:46 Halberdier
34:30 Scale Mail Armor
36:41 Chain Mail Armor
37:27 Conscription
37:09 Gold Mining
39:19 Iron Casting
39:58 Plate Mail Armor
40:27 Wootz Steel
42:50 Blast Furnace
Connection lost

Rejoining the realm…

Still unreachable

The connection could not be restored.

Session expired

The server has moved on; the page needs a fresh start.